Map: [TLMC19] Insomniac Doze

Players

Krystianer - Winner!

  • Race: Protoss Protoss
  • Spawn Location: 5:00

ByuN

  • Race: Terran Terran
  • Spawn Location: 11:00

VOD

Have the link to the VOD?

Description

Time

  • Played on: Dec. 23, 2023, 6:02 a.m.
  • Length: 8:01
Show
View Real Time Build Order
Export as new Build Order

Krystianer Protoss - Winner!

Build Orders: 1 Gate Expand, Colossus Rush 

Get SALT Encoding   

  12  0:00  Probe  
  13  0:12  Probe  
  14  0:17  Pylon  
  14  0:24  Probe (Chrono Boost)  
  15  0:36  Gateway, Probe (Chrono Boost)  
  16  0:44  Probe (Chrono Boost)  
  16  0:45  Assimilator  
  17  0:50  Probe  
  18  1:03  Probe  
  19  1:15  Probe  
  20  1:22  Nexus  
  20  1:31  Cybernetics Core  
  20  1:35  Probe  
  21  1:40  Assimilator  
  21  1:47  Probe  
  21  1:50  Pylon  
  22  1:59  Probe  
  23  2:05  Adept (Chrono Boost)  
  25  2:11  Probe  
  25  2:13  Robotics Facility  
  26  2:16  Warp Gate  
  26  2:23  Probe (Chrono Boost)  
  26  2:27  Stalker  
  29  2:34  Probe (Chrono Boost)  
  29  2:35  Probe (Chrono Boost)  
  31  2:43  Probe (Chrono Boost)  
  33  2:44  Probe (Chrono Boost)  
  33  2:48  Probe (Chrono Boost)  
  33  2:50  Probe  
  35  3:02  Robotics Bay, Probe  
  35  3:03  Probe  
  37  3:09  Warp Prism  
  39  3:14  Probe  
  39  3:15  Probe  
  39  3:19  Stalker  
  43  3:26  Probe, Pylon  
  44  3:27  Probe  
  45  3:34  Pylon  
  45  3:37  Gateway  
  46  3:44  Probe  
  46  3:46  Colossus (Chrono Boost)  
  47  3:54  Probe  
  47  3:55  Assimilator, Gravitic Drive (Chrono Boost)  
  53  4:00  Probe  
  54  4:06  Stalker, Probe  
  57  4:12  Probe  
  57  4:14  Pylon  
  58  4:19  Probe  
  59  4:26  Observer  
  59  4:29  Nexus, Probe  
  61  4:34  Stalker  
  61  4:37  Probe, Pylon  
  63  4:41  Probe  
  64  4:47  Twilight Council  
  64  4:50  Probe  
  65  4:53  Probe  
  66  5:00  Colossus (Chrono Boost)  
  66  5:02  Probe  
  66  5:05  Probe  
  74  5:14  Probe  
  75  5:17  Probe  
  76  5:26  Probe  
  77  5:29  Probe  
  77  5:32  Charge  
  77  5:34  Extended Thermal Lance (Chrono Boost)  
  78  5:38  Gateway  
  78  5:39  Gateway  
  78  5:41  Gateway, Probe x2  
  80  5:43  Pylon  
  80  5:45  Shield Battery  
  80  5:53  Probe  
  80  5:54  Zealot x2  
  80  5:56  Colossus (Chrono Boost)  
  85  6:01  Gateway, Probe  
  85  6:02  Probe  
  93  6:05  Probe  
  93  6:09  Gateway  
  94  6:12  Pylon  
  94  6:17  Probe  
  95  6:18  Stalker x2  
  95  6:23  Pylon  
  95  6:25  Pylon  
  97  6:35  Zealot, Sentry  
  97  6:39  Zealot, Nexus  
  103  6:41  Zealot x2  
  103  6:44  Probe  
  103  6:47  Pylon, Probe  
  108  6:54  Gateway  
  108  6:57  Probe  
  108  6:58  Probe  
  110  7:02  Stalker x2, Zealot x3  
  110  7:03  Zealot  
  110  7:07  Zealot  
  124  7:09  Probe  
  124  7:10  Probe  
  126  7:20  Probe  
  126  7:21  Probe  
  126  7:22  Probe  
  127  7:23  Zealot x3  
  127  7:27  Pylon  
  127  7:29  Pylon  
  133  7:36  Probe x2  
  133  7:37  Probe  
  133  7:42  Zealot x4  
  124  7:48  Zealot x3, Probe x2  
  124  7:49  Probe  
  117  7:53  Stalker  
Show
View Real Time Build Order
Export as new Build Order

ByuN Terran 

Build Orders: Reaper Expand 

Get SALT Encoding   

  12  0:00  SCV  
  13  0:12  SCV  
  14  0:17  Supply Depot  
  14  0:24  SCV  
  15  0:38  SCV  
  15  0:39  Barracks  
  16  0:44  Refinery  
  16  0:50  SCV  
  17  1:03  SCV  
  18  1:15  SCV  
  19  1:27  Reaper  
  19  1:28  Orbital Command  
  20  1:38  Command Center  
  20  1:50  Supply Depot  
  20  1:53  SCV  
  21  1:59  Barracks Reactor  
  21  2:05  SCV  
  22  2:16  Command Center  
  22  2:19  SCV  
  23  2:31  SCV  
  23  2:32  Barracks  
  23  2:35  Marine x2  
  26  2:43  SCV  
  27  2:50  Orbital Command  
  27  2:54  Marine x2  
  27  2:55  SCV  
  30  3:04  Barracks  
  30  3:07  SCV  
  30  3:11  Marine  
  30  3:12  Marine  
  33  3:16  SCV  
  33  3:18  Barracks Tech Lab  
  33  3:19  SCV  
  35  3:28  SCV  
  35  3:29  Marine x2  
  35  3:30  Orbital Command  
  35  3:31  SCV  
  39  3:36  Stimpack  
  39  3:37  Marine  
  39  3:40  SCV  
  41  3:44  SCV  
  41  3:45  Refinery  
  42  3:49  Marine x2  
  42  3:52  Marine  
  42  3:55  SCV x2, Marine  
  46  3:56  SCV  
  46  3:57  Factory  
  46  4:01  Supply Depot  
  49  4:04  Engineering Bay  
  49  4:07  SCV  
  49  4:08  SCV x2  
  52  4:11  Barracks Tech Lab  
  52  4:17  Bunker  
  52  4:19  SCV  
  52  4:20  SCV x2, Marine x2  
  52  4:21  Refinery  
  57  4:30  Marauder  
  59  4:32  SCV x3, Marauder  
  64  4:40  Terran Infantry Weapons Level 1  
  64  4:41  Marine  
  64  4:42  Marine  
  64  4:44  SCV x3  
  69  4:48  Starport  
  69  4:49  Supply Depot  
  69  4:51  Factory Reactor  
  69  4:57  SCV x2  
  67  5:01  Marauder  
  67  5:06  Refinery  
  67  5:07  SCV, Missile Turret  
  69  5:10  Marine x2  
  69  5:11  SCV x2, Marauder  
  75  5:19  SCV  
  73  5:24  Marauder  
  73  5:30  SCV x2  
  73  5:32  Marauder  
  77  5:35  Orbital Command  
  77  5:36  Barracks  
  77  5:38  Marine x2, Viking x2  
  77  5:41  Supply Depot  
  83  5:44  SCV x2  
  83  5:45  Supply Depot, Barracks  
  84  5:51  Factory Reactor  
  84  5:56  SCV  
  85  5:59  SCV, Marauder x2  
  85  6:02  SCV  
  90  6:08  SCV  
  90  6:11  SCV, Missile Turret  
  94  6:14  SCV  
  95  6:18  Marine x2  
  95  6:20  SCV, Medivac x2  
  95  6:21  Marauder x2  
  104  6:29  Supply Depot  
  104  6:30  SCV x2  
  104  6:32  SCV  
  107  6:39  Barracks Tech Lab, Barracks Reactor  
  107  6:40  Supply Depot  
  107  6:42  Marauder  
  107  6:43  Missile Turret  
  109  6:50  SCV x3, Marine x2  
  109  6:51  Marauder  
  116  6:54  Supply Depot  
  116  6:56  Refinery  
  116  6:57  Refinery  
  116  7:01  Ghost Academy, Medivac x2  
  116  7:02  Widow Mine x2  
  116  7:06  SCV  
  125  7:10  SCV  
  125  7:12  Orbital Command  
  125  7:13  Concussive Shells  
  123  7:19  SCV  
  123  7:20  Marauder x2  
  123  7:22  SCV  
  109  7:23  Marine x2  
  109  7:26  Marauder  
  108  7:31  SCV, Viking x2  
  108  7:34  SCV  
  109  7:39  SCV  
  109  7:43  SCV  
  87  7:46  SCV  
Tags
 
Add a new tag
Caveats
  • Supply blocks, unpowered buildings, or Contaminate may cause inaccurate times.
  • Supply counts are checked every 10 seconds.